BLB
NEW ORLEANS VOODOO @ MAINE GUIDES
04/30/2060
 
TOP OF THE 1ST
New Orleans Voodoo batting - Pitching for Maine Guides : LHP Devon DeGasperis
Pitching: LHP Devon DeGasperis
Batting: RHB Jefferson Turner 0-0: Called Strike
0-1: Ball
1-1: SINGLE (Line Drive, 9S, EV 86.2 MPH)
Batting: LHB Daryl Walken 0-0: Swinging Strike
0-1: Ball
1-1: Ball
2-1: Foul Ball, location: 2F
2-2: SINGLE (Line Drive, 89S, EV 103.1 MPH)
Jefferson Turner to second
Batting: RHB Lon Leseberg 0-0: Foul Ball, location: 2F
0-1: Ball
1-1: Foul Ball, location: 2F
1-2: Strikes out looking
Batting: RHB Dez Swanson 0-0: Called Strike
0-1: Swinging Strike
0-2: Ball
1-2: Strikes out swinging
Batting: RHB Peyton Ames 0-0: Ball
1-0: Called Strike
1-1: Called Strike
1-2: Strikes out swinging
Top of the 1st over - 0 runs, 2 hits, 0 errors, 2 left on base; New Orleans 0 - Maine 0
BOTTOM OF THE 1ST
Maine Guides batting - Pitching for New Orleans Voodoo : RHP Jackson Waddell
Pitching: RHP Jackson Waddell
Batting: RHB Walt Dutro 0-0: Called Strike
0-1: Ball
1-1: Ball
2-1: Swinging Strike
2-2: Foul Ball, location: 2F
2-2: SINGLE (Groundball, 6MD, EV 103.8 MPH)
Batting: RHB Sean Brown 0-0: Ball
1-0: Ball
Walt Dutro is caught stealing 2nd base 2-4
2-0: Fly out, F8 (Flyball, 8LXD, EV 111.9 MPH)
Batting: RHB Jarrett Shaneyfelt 0-0: Foul Ball, location: 2F
0-1: Ball
1-1: Foul Ball, location: 2F
1-2: Fly out, F7 (Flyball, 78D, EV 87.5 MPH)
Bottom of the 1st over - 0 runs, 1 hit, 0 errors, 0 left on base; New Orleans 0 - Maine 0
TOP OF THE 2ND
New Orleans Voodoo batting - Pitching for Maine Guides : LHP Devon DeGasperis
Batting: RHB Darrin Cramer 0-0: Ball
1-0: Foul Ball, location: 2F
1-1: Swinging Strike
1-2: Foul Ball, location: 2F
1-2: Foul Ball, location: 2F
1-2: Ground out U3 (Groundball, 34S, EV 81.2 MPH)
Batting: RHB Lucas Anderson 0-0: Fly out, F8 (Flyball, 8RS, EV 74.4 MPH)
Batting: LHB Jordy Wovchanoff 0-0: Swinging Strike
0-1: Swinging Strike
0-2: Ball
1-2: Strikes out looking
Top of the 2nd over - 0 runs, 0 hits, 0 errors, 0 left on base; New Orleans 0 - Maine 0
BOTTOM OF THE 2ND
Maine Guides batting - Pitching for New Orleans Voodoo : RHP Jackson Waddell
Batting: RHB Nathan Bennett 0-0: Called Strike
0-1: Ball
1-1: SINGLE (Groundball, 6MD, EV 96.2 MPH)
Batting: RHB Derek Rosado 0-0: Called Strike
0-1: Ball
1-1: Ball
2-1: Ball
3-1: Grounds into double play, 5-4-3 (Groundball, 56, EV 105.0 MPH)
Batting: RHB Byron Bentley 0-0: Ball
1-0: Ball
2-0: SINGLE (Line Drive, 8RS, EV 97.5 MPH)
Batting: RHB Martin Moorman 0-0: Fly out, F9 (Flyball, 9D, EV 101.2 MPH)
Bottom of the 2nd over - 0 runs, 2 hits, 0 errors, 1 left on base; New Orleans 0 - Maine 0
TOP OF THE 3RD
New Orleans Voodoo batting - Pitching for Maine Guides : LHP Devon DeGasperis
Batting: LHB Jarquez Kafele 0-0: Ball
1-0: Ground out 4-3 (Groundball, 4, EV 78.8 MPH)
Batting: RHB Jefferson Turner 0-0: Ball
1-0: Ball
2-0: Called Strike
2-1: Ground out 4-3 (Groundball, 4D, EV 94.4 MPH)
Batting: LHB Daryl Walken 0-0: Ball
1-0: Called Strike
1-1: Ball
2-1: Ground out 3-1 (Groundball, 34S, EV 89.4 MPH)
Top of the 3rd over - 0 runs, 0 hits, 0 errors, 0 left on base; New Orleans 0 - Maine 0
BOTTOM OF THE 3RD
Maine Guides batting - Pitching for New Orleans Voodoo : RHP Jackson Waddell
Batting: RHB Jarrett Vazquez 0-0: SINGLE (Groundball, 4M, EV 91.2 MPH) (infield hit)
Batting: RHB Jaret Foley 0-0: Foul Ball, location: 2F
0-1: Foul Ball, location: 2F
0-2: Ball
1-2: Ball
2-2: Foul Ball, location: 2F
2-2: Foul Ball, location: 2F
2-2: Ball
3-2: Strikes out swinging
Batting: RHB Walt Dutro 0-0: Called Strike
0-1: Ball
1-1: Fly out, F9 (Line Drive, 89M, EV 87.5 MPH)
Batting: RHB Sean Brown 0-0: Called Strike
0-1: Ball
1-1: Ball
2-1: Ball
3-1: Foul Ball, location: 2F
3-2: Ground out 6-3 (Groundball, 56, EV 91.2 MPH)
Bottom of the 3rd over - 0 runs, 1 hit, 0 errors, 1 left on base; New Orleans 0 - Maine 0
TOP OF THE 4TH
New Orleans Voodoo batting - Pitching for Maine Guides : LHP Devon DeGasperis
Batting: RHB Lon Leseberg 0-0: Foul Ball, location: 2F
0-1: Ball
1-1: Called Strike
1-2: Foul Ball, location: 2F
1-2: Foul Ball, location: 2F
1-2: Ball
2-2: Ball
3-2: Ground out 6-3 (Groundball, 6, EV 81.9 MPH)
Batting: RHB Dez Swanson 0-0: Called Strike
0-1: Ball
1-1: Ground out 6-3 (Groundball, 56, EV 90.6 MPH)
Batting: RHB Peyton Ames 0-0: Ball
1-0: Foul Ball, location: 2F
1-1: Fly out, F8 (Flyball, 8LM, EV 93.1 MPH)
Top of the 4th over - 0 runs, 0 hits, 0 errors, 0 left on base; New Orleans 0 - Maine 0
BOTTOM OF THE 4TH
Maine Guides batting - Pitching for New Orleans Voodoo : RHP Jackson Waddell
Batting: RHB Jarrett Shaneyfelt 0-0: Called Strike
0-1: Called Strike
0-2: Foul Ball, location: 2F
0-2: Ball
1-2: Strikes out swinging
Batting: RHB Nathan Bennett 0-0: Called Strike
0-1: SINGLE (Line Drive, 4M, EV 96.2 MPH)
Batting: RHB Derek Rosado 0-0: Ball
1-0: Called Strike
1-1: Ball
2-1: Foul Ball, location: 2F
2-2: Ball
3-2: Base on Balls
Nathan Bennett to second
Batting: RHB Byron Bentley 0-0: Called Strike
0-1: Grounds into double play, 5-4-3 (Groundball, 56S, EV 81.2 MPH)
Bottom of the 4th over - 0 runs, 1 hit, 0 errors, 1 left on base; New Orleans 0 - Maine 0
TOP OF THE 5TH
New Orleans Voodoo batting - Pitching for Maine Guides : LHP Devon DeGasperis
Batting: RHB Darrin Cramer 0-0: Called Strike
0-1: Ball
1-1: Swinging Strike
1-2: Foul Ball, location: 2F
1-2: SINGLE (Line Drive, 6D, EV 105.0 MPH)
Batting: RHB Lucas Anderson 0-0: Bunt missed!
0-1: Ball
1-1: Sac Bunt to 2R - play at first, batter OUT! 2-3
Darrin Cramer to second
Batting: LHB Jordy Wovchanoff 0-0: Called Strike
0-1: Ball
1-1: Ball
2-1: Ball
3-1: SINGLE (Line Drive, 9LS, EV 88.1 MPH)
Darrin Cramer to third
Runner from 3rd tries for Home, SAFE, throw by RF to home
Jordy Wovchanoff to second
Batting: LHB Jarquez Kafele 0-0: Swinging Strike
0-1: Foul Ball, location: 2F
0-2: Strikes out swinging
Pitching: RHP Gavin Lankford
Batting: RHB Jefferson Turner 0-0: Ball
1-0: Ground out 5-3 (Groundball, 5, EV 83.8 MPH)
Top of the 5th over - 1 run, 2 hits, 0 errors, 1 left on base; New Orleans 1 - Maine 0
BOTTOM OF THE 5TH
Maine Guides batting - Pitching for New Orleans Voodoo : RHP Jackson Waddell
Batting: RHB Martin Moorman 0-0: Called Strike
0-1: Swinging Strike
0-2: Strikes out swinging
Batting: RHB Jarrett Vazquez 0-0: Ball
1-0: Swinging Strike
1-1: Ball
2-1: Ball
3-1: Called Strike
3-2: Foul Ball, location: 2F
3-2: SINGLE (Groundball, 6MD, EV 99.4 MPH)
Batting: RHB Jaret Foley 0-0: SINGLE (Groundball, 4MD, EV 107.5 MPH)
Jarrett Vazquez to second
Batting: RHB Walt Dutro 0-0: Called Strike
0-1: SINGLE (Groundball, 4MD, EV 104.4 MPH) (infield hit)
Jarrett Vazquez to third
Jaret Foley to second
Batting: RHB Sean Brown 0-0: Fly out, F9 (Flyball, 9LSF, EV 91.2 MPH)
Runner from 3rd tags up, SCORES, throw by RF
Jaret Foley to third
Batting: RHB Jarrett Shaneyfelt 0-0: Foul Ball, location: 2F
0-1: Called Strike
0-2: Strikes out looking
Bottom of the 5th over - 1 run, 3 hits, 0 errors, 2 left on base; New Orleans 1 - Maine 1
TOP OF THE 6TH
New Orleans Voodoo batting - Pitching for Maine Guides : RHP Gavin Lankford
Batting: LHB Daryl Walken 0-0: Ground out U3 (Groundball, 3, EV 87.5 MPH)
Batting: RHB Lon Leseberg 0-0: SINGLE (Groundball, 6D, EV 93.8 MPH)
Batting: RHB Dez Swanson 0-0: Ball
1-0: Fly out, F8 (Flyball, 89M, EV 89.4 MPH)
Batting: RHB Peyton Ames 0-0: Ball
1-0: Foul Ball, location: 2F
1-1: Ball
Lon Leseberg steals 2nd base
2-1: Ball
3-1: Base on Balls
Batting: RHB Darrin Cramer 0-0: Ball
1-0: SINGLE (Groundball, 56D, EV 109.4 MPH)
Lon Leseberg to third
Peyton Ames to second
Runner from 3rd tries for Home, SAFE, throw by LF to home
Batting: RHB Lucas Anderson 0-0: Called Strike
0-1: Ball
1-1: Ball
2-1: Foul Ball, location: 2F
2-2: Ball
3-2: Foul Ball, location: 2F
3-2: SINGLE (Line Drive, 89S, EV 99.4 MPH)
Peyton Ames to third
Darrin Cramer to second
Peyton Ames scores
Darrin Cramer to third
Batting: LHB Jordy Wovchanoff 0-0: Ball
Lucas Anderson is caught stealing 2nd base 2-6
Top of the 6th over - 2 runs, 3 hits, 0 errors, 1 left on base; New Orleans 3 - Maine 1
BOTTOM OF THE 6TH
Maine Guides batting - Pitching for New Orleans Voodoo : RHP Jackson Waddell
Batting: RHB Nathan Bennett 0-0: Fly out, F9 (Line Drive, 9, EV 91.2 MPH)
Batting: RHB Derek Rosado 0-0: Called Strike
0-1: Foul Ball, location: 2F
0-2: Ground out 5-3 (Groundball, 5S, EV 95.6 MPH)
Batting: RHB Byron Bentley 0-0: Called Strike
0-1: Ground out 4-3 (Groundball, 13, EV 86.2 MPH)
Bottom of the 6th over - 0 runs, 0 hits, 0 errors, 0 left on base; New Orleans 3 - Maine 1
TOP OF THE 7TH
New Orleans Voodoo batting - Pitching for Maine Guides : RHP Gavin Lankford
Batting: LHB Jordy Wovchanoff 0-0: Foul Ball, location: 2F
0-1: SINGLE (Line Drive, 34D, EV 100.6 MPH)
Batting: LHB Jarquez Kafele 0-0: Ball
Jordy Wovchanoff steals 2nd base
1-0: Ball
2-0: Called Strike
2-1: Ground out 6-3 (Groundball, 6M, EV 78.8 MPH)
Jordy Wovchanoff to third
Batting: RHB Jefferson Turner 0-0: Ground out 5-3 (Groundball, 56S, EV 77.5 MPH)
Batting: LHB Daryl Walken 0-0: Fly out, F9 (Flyball, 9D, EV 86.9 MPH)
Top of the 7th over - 0 runs, 1 hit, 0 errors, 1 left on base; New Orleans 3 - Maine 1
BOTTOM OF THE 7TH
Maine Guides batting - Pitching for New Orleans Voodoo : RHP Jackson Waddell
Batting: RHB Martin Moorman 0-0: Fly out, F8 (Flyball, 78S, EV 96.2 MPH)
Batting: RHB Jarrett Vazquez 0-0: Ball
1-0: Ball
2-0: Called Strike
2-1: Ball
3-1: Called Strike
3-2: Foul Ball, location: 2F
3-2: SINGLE (Line Drive, 9S, EV 96.9 MPH)
Batting: RHB Jaret Foley 0-0: Foul Ball, location: 2F
0-1: Called Strike
0-2: SINGLE (Groundball, 34, EV 105.6 MPH)
Jarrett Vazquez to second
Runner from 2nd tries for 3rd, SAFE, throw by RF made to third
Batting: RHB Walt Dutro 0-0: Called Strike
Jaret Foley steals 2nd base
0-1: Called Strike
0-2: Ground out 5-3 (Groundball, 56, EV 91.2 MPH)
Jarrett Vazquez scores
Batting: RHB Sean Brown 0-0: Ball
1-0: Swinging Strike
1-1: Called Strike
1-2: Foul Ball, location: 2F
1-2: Ball
2-2: 2-RUN HOME RUN (Flyball, 7D, EV 91.9 MPH), Distance : 339 ft
Batting: RHB Jarrett Shaneyfelt 0-0: Ball
1-0: Called Strike
1-1: Called Strike
1-2: Foul Ball, location: 2F
1-2: Ball
2-2: Ground out 4-3 (Groundball, 4M, EV 82.5 MPH)
Bottom of the 7th over - 3 runs, 3 hits, 0 errors, 0 left on base; New Orleans 3 - Maine 4
TOP OF THE 8TH
New Orleans Voodoo batting - Pitching for Maine Guides : RHP Gavin Lankford
Batting: RHB Lon Leseberg 0-0: Ball
1-0: Ball
2-0: Foul Ball, location: 2F
2-1: Fly out, F8 (Flyball, 8RXD, EV 88.8 MPH)
Pitching: RHP Joe Ferebee
Batting: RHB Dez Swanson 0-0: Called Strike
0-1: Called Strike
0-2: Ball
1-2: Strikes out swinging
Batting: RHB Peyton Ames 0-0: Swinging Strike
0-1: Ball
1-1: Foul Ball, location: 2F
1-2: Foul Ball, location: 2F
1-2: Ball
2-2: Ground out 4-3 (Groundball, 4M, EV 82.5 MPH)
Top of the 8th over - 0 runs, 0 hits, 0 errors, 0 left on base; New Orleans 3 - Maine 4
BOTTOM OF THE 8TH
Maine Guides batting - Pitching for New Orleans Voodoo : RHP Jackson Waddell
Pitching: RHP Jonah Gower
Batting: RHB Nathan Bennett 0-0: Called Strike
0-1: Foul Ball, location: 2F
0-2: Ball
1-2: Ball
2-2: Ball
3-2: Foul Ball, location: 2F
3-2: Foul Ball, location: 2F
3-2: Foul Ball, location: 2F
3-2: Fly out, F3 (Line Drive, 34, EV 68.8 MPH)
Batting: RHB Derek Rosado 0-0: Called Strike
0-1: Called Strike
0-2: Strikes out looking
Batting: RHB Byron Bentley 0-0: Called Strike
0-1: Swinging Strike
0-2: Ball
1-2: Strikes out swinging
Bottom of the 8th over - 0 runs, 0 hits, 0 errors, 0 left on base; New Orleans 3 - Maine 4
TOP OF THE 9TH
New Orleans Voodoo batting - Pitching for Maine Guides : RHP Joe Ferebee
Now at SS: Justen Brown
Now in LF: Damian Counts
Batting: RHB Darrin Cramer 0-0: Called Strike
0-1: Ball
1-1: Called Strike
1-2: Ball
2-2: SINGLE (Groundball, 6MD, EV 106.2 MPH)
Batting: RHB Lucas Anderson 0-0: Bunted foul
0-1: Sac Bunt to 2L - play at first, batter OUT! 2-3
Darrin Cramer to second
Batting: LHB Jordy Wovchanoff 0-0: Ball
1-0: Called Strike
1-1: Ball
2-1: Foul Ball, location: 2F
2-2: Strikes out swinging
Batting: LHB Jarquez Kafele 0-0: Foul Ball, location: 2F
0-1: Hit by Pitch
Batting: LHB Tuck Vrsek 0-0: Ball
1-0: Ball
Wild Pitch!
Darrin Cramer to third
Jarquez Kafele to second
2-0: Called Strike
2-1: 3-RUN HOME RUN (Flyball, 8LXD, EV 101.9 MPH), Distance : 426 ft
Pitching: LHP Mitch Colwell
Batting: LHB Daryl Walken 0-0: Swinging Strike
0-1: Ball
1-1: Ball
2-1: Ground out 4-3 (Groundball, 4, EV 84.4 MPH)
Top of the 9th over - 3 runs, 2 hits, 0 errors, 0 left on base; New Orleans 6 - Maine 4
BOTTOM OF THE 9TH
Maine Guides batting - Pitching for New Orleans Voodoo : RHP Jonah Gower
Batting: RHB Martin Moorman 0-0: Foul Ball, location: 2F
0-1: Called Strike
0-2: Ball
1-2: Foul Ball, location: 2F
1-2: Ball
2-2: Strikes out looking
Batting: RHB Justen Brown 0-0: Foul Ball, location: 2F
0-1: Ball
1-1: Ball
2-1: Foul Ball, location: 2F
2-2: Ball
3-2: Ground out 6-3 (Groundball, 6, EV 103.8 MPH)
Pitching: LHP Clinton Yates
Batting: RHB Jaret Foley 0-0: Ball
1-0: Foul Ball, location: 2F
1-1: Foul Ball, location: 2F
1-2: Ball
2-2: Ball
3-2: Strikes out looking
Bottom of the 9th over - 0 runs, 0 hits, 0 errors, 0 left on base; New Orleans 6 - Maine 4
Monday, April 29th , 2024 - OOTP Baseball 23.10 Build 110